 Dungeon Crawl Stone Soup version 0.26-a0-1184-g95e395e029 (webtiles) character file.

Game seed: 11820051127841789790

1430 sanka the Covert (level 8, -7/36 HPs)
             Began as a Spriggan Enchanter on Dec 27, 2020.
             Was an Initiate of Gozag.
             Killed from afar by Harold (11 damage)
             ... with an iceblast
             ... on level 7 of the Dungeon.
             The game lasted 00:12:27 (8239 turns).

sanka the Covert (Spriggan Enchanter)               Turns: 8239, Time: 00:12:27

Health: -7/36      AC:  6    Str:  4    XL:     8   Next: 44%
Magic:  7/13       EV: 18    Int: 17    God:    Gozag
Gold:   342        SH:  7    Dex: 18    Spells: 4/13 levels left

rFire    + . .     SeeInvis +   a - +1 dagger
rCold    . . .     Faith    .   H - +0 buckler
rNeg     . . .     Spirit   .   E - +2 robe {rF+}
rPois    +         Reflect  .   (helmet restricted)
rElec    .         Harm     .   s - +1 cloak
rCorr    .         Rampage  .   (gloves unavailable)
Will     ++...                  (boots unavailable)
Stlth    ++++......             (no amulet)
HPRegen  0.12/turn              j - ring of willpower
MPRegen  0.13/turn              c - ring of poison resistance

@: gold aura, very slightly contaminated, very quick
A: very small, unfitting armour, see invisible, speed 3
a: Renounce Religion, Potion Petition, Call Merchant, Bribe Branch


You were on level 7 of the Dungeon.
You worshipped Gozag.
Gozag was aware of your devotion.
You visited 1 branch of the dungeon, and saw 7 of its levels.

You collected 672 gold pieces.
You spent 309 gold pieces at shops.
You paid 21 gold pieces to Gozag.


Innate Abilities, Weirdness & Mutations

You are very small and have problems with some larger weapons.
You are too small for most types of armour.
You have supernaturally acute eyesight. (SInv)
You cover ground extremely quickly.


   Skills:
 - Level 5.0 Short Blades
 - Level 3.0 Dodging
 - Level 8.0 Stealth
 + Level 4.3 Shields
 - Level 3.0 Spellcasting
 - Level 8.0 Hexes


You had 4 spell levels left.
You knew the following spells:

 Your Spells              Type           Power        Failure   Level
x - Tukima's Dance        Hex            29%          2%          3
z - Ensorcelled Hibernat  Hex/Ice        32%          6%          2
X - Confusing Touch       Hex            29%          2%          3
Z - Corona                Hex            32%          1%          1

Your spell library contained the following spells:

 Spells                   Type           Power        Failure   Level
 Dazzling Flash           Conj/Hex       32%          12%         3

Inventory:

Hand Weapons
 a - a +1 dagger (weapon)
 b - a +1 short sword of electrocution
Missiles
 m - 2 throwing nets {=f}
Armour
 s - a +1 cloak (worn)
 E - a +2 robe of fire resistance (worn)
 H - a +0 buckler (worn)
Jewellery
 c - a ring of poison resistance (right hand)
 g - an uncursed ring of flight
 j - a ring of willpower (left hand)
 A - an uncursed ring of resist corrosion
Wands
 J - a wand of iceblast (10)
 K - a wand of digging (7)
Scrolls
 d - 9 scrolls of remove curse
 e - 7 scrolls of teleportation {unknown}
 h - 4 scrolls of enchant armour {unknown}
 i - a scroll of noise {unknown}
 k - 2 scrolls of amnesia {unknown}
 p - 5 scrolls of identify {unknown}
 u - a scroll of immolation {unknown}
 y - a scroll of magic mapping {unknown}
 B - a scroll of fear {unknown}
 C - 3 scrolls of summoning {unknown}
 D - a scroll of enchant weapon
 I - a scroll of fog {unknown}
 M - a scroll of brand weapon {unknown}
Potions
 f - 2 potions of flight {unknown}
 l - 3 potions of might {unknown}
 n - a potion of degeneration {unknown}
 o - a potion of attraction {unknown}
 q - 3 potions of mutation {unknown}
 r - 2 potions of lignification {unknown}
 t - 2 potions of heal wounds {unknown}
 v - a potion of cancellation {unknown}
 w - 2 potions of berserk rage {unknown}
 x - a potion of experience {unknown}
 z - a potion of curing {unknown}
 F - a potion of brilliance {unknown}
 G - a potion of resistance {unknown}
 L - a potion of magic {unknown}

Dungeon Overview and Level Annotations

Branches:
Dungeon (7/15)             Temple (0/1) D:4

Altars:
Ashenzari
Fedhas
Gozag

Shops:
D:5 *[:

Annotations:
D:6 2 transporters, Arthanis's ghost, novice DEFE
D:7 Harold

▒.▒.▒▒▒.▒
▒.......▒
▒▒▒.▒▒▒▒▒
▒▒▒▒▒.▒▒▒▒
▒........▒
▒▒£▒£..▒▒.▒▒▒▒▒▒
+...............
▒▒.▒......▒▒▒▒▒£
▒.▒▒...▒i▒ ▒
▒▒▒...▒ ▒▒.@▒
▒..▒ ...▒ £
▒▒.▒▒ ▒. ▒. ..


You could see Harold.


Message History

Unknown command.
A worker ant comes into view.
Found 10 gold pieces.
Harold the Weathered comes into view.
He is wielding a +0 glaive and carrying a wand of iceblast (6).
The helpless worker ant fails to defend itself.
You skewer the worker ant like a kebab!!!
You kill the worker ant!
The helpless Harold fails to defend himself.
You spit Harold like a pig!!!
Harold is severely wounded.
Harold misses you.
Aiming: Ensorcelled Hibernation (safe; 6% risk of failure)
Aim: Harold, wielding a +0 glaive, wearing a cursed +0 scale mail, quivering 4 throwing nets and carrying a wand of iceblast (6) (severely wounded, chance to affect: 16%) Harold resists with almost no effort.
Harold hits you with a +0 glaive!
Aiming: Ensorcelled Hibernation (safe; 6% risk of failure)
Aim: Harold, wielding a +0 glaive, wearing a cursed +0 scale mail, quivering 4 throwing nets and carrying a wand of iceblast (6) (severely wounded, chance to affect: 16%) Harold resists with almost no effort.
Aiming: Ensorcelled Hibernation (safe; 6% risk of failure)
Aim: Harold, wielding a +0 glaive, wearing a cursed +0 scale mail, quivering 4 throwing nets and carrying a wand of iceblast (6) (severely wounded, chance to affect: 16%)
You miscast Ensorcelled Hibernation.
You are very lightly contaminated with residual magic.
Nothing appears to happen.
Harold hits you with a +0 glaive!
* * * LOW HITPOINT WARNING * * *
Harold zaps a wand.
The mass of ice explodes!
The iceblast engulfs you!
You die...
Your body crumbles into a pile of gold.

Action                   |  1- 3 |  4- 6 |  7- 9 || total
-------------------------+-------+-------+-------++-------
Melee: Dagger            |    61 |   116 |    51 ||   228
       Short sword       |       |    56 |    38 ||    94
 Cast: Corona            |     3 |       |       ||     3
       Ensorcelled Hiber |    18 |    51 |    35 ||   104
       Confusing Touch   |       |     1 |     4 ||     5
  Use: Scroll            |       |       |     1 ||     1
 Stab: Sleeping          |    24 |    58 |    26 ||   108
       Distracted        |       |     2 |     1 ||     3
       Confused          |       |     1 |     5 ||     6
Armor: Robe              |     5 |    17 |     5 ||    27
Dodge: Dodged            |    60 |   118 |    52 ||   230
Block: Buckler           |       |       |    16 ||    16

Levels and vault maps discovered:
D:1:      arrival_zaba_pyramid, layout_basic, grunt_decor_fettered
D:2:      minmay_wonky_spiral, layout_basic
D:3:      layout_basic, nicolae_overflow_crystal_walls, serial_glass,
          glass_columns_a, glass_columns_a
D:4:      layout_loops_ring, temple_statues, kennysheep_crisscross
D:5:      layout_basic, serial_shops, kennysheep_mini, shop_fountains,
          shop_fountains, basic_altar
D:6:      layout_basic, nicolae_overflow_hidden_temple, gammafunk_ghost_arena,
          minmay_misc_feat_tower, uniq_grinder, uniq_menkaure
D:7:      layout_loops_corners, uniq_crazy_yiuf_cottage, uniq_maggie,
          uniq_pikel, uniq_harold

Notes
Turn   | Place    | Note
-------+----------+-------------------------------------------
     0 | D:1      | sanka the Spriggan Enchanter began the quest for the Orb.
     0 | D:1      | Reached XP level 1. HP: 9/9 MP: 5/5
   137 | D:1      | Reached skill level 5 in Stealth
   153 | D:1      | Reached XP level 2. HP: 13/13 MP: 6/6
   156 | D:1      | Learned a level 2 spell: Ensorcelled Hibernation
   562 | D:1      | Reached skill level 6 in Stealth
  1380 | D:2      | Reached XP level 3. HP: 16/16 MP: 8/8
  1580 | D:2      | Reached skill level 7 in Stealth
  1588 | D:2      | Reached XP level 4. HP: 15/21 MP: 1/9
  1676 | D:2      | Learned a level 3 spell: Confusing Touch
  2128 | D:2      | Reached skill level 8 in Stealth
  3066 | D:3      | Reached skill level 2 in Short Blades
  3262 | D:3      | Reached XP level 5. HP: 24/24 MP: 0/10
  3562 | D:3      | Reached skill level 3 in Short Blades
  3611 | D:3      | Learned a level 3 spell: Tukima's Dance
  3858 | D:3      | Found an opulent altar of Gozag.
  3919 | D:3      | Became a worshipper of Gozag Ym Sagoz the Greedy
  4041 | D:4      | Reached skill level 4 in Short Blades
  4054 | D:5      | Entered Level 5 of the Dungeon
  4136 | D:5      | Reached XP level 6. HP: 11/28 MP: 0/11
  4170 | D:5      | HP: 2/28 [orc/cursed +0 club (3)]
  4223 | D:5      | Reached skill level 5 in Short Blades
  4681 | D:5      | Reached skill level 3 in Spellcasting
  4770 | D:5      | Reached skill level 4 in Hexes
  4821 | D:5      | Found Uptuv Cyso's Book Shop.
  4847 | D:5      | Found Moeppele's General Store.
  4887 | D:5      | Bought a scroll of enchant weapon for 97 gold pieces
  4957 | D:5      | Reached skill level 5 in Hexes
  5019 | D:5      | Found a broken altar of Ashenzari.
  5036 | D:5      | Found Cugen's Armour Shoppe.
  5039 | D:5      | Bought a +2 robe of fire resistance for 212 gold pieces
  5092 | D:5      | HP: 2/28 [orc wizard/magic dart (4)]
  5427 | D:4      | Reached XP level 7. HP: 32/32 MP: 12/12
  5471 | D:4      | Reached skill level 6 in Hexes
  5560 | D:4      | Found a staircase to the Ecumenical Temple.
  6406 | D:6      | Found a blossoming altar of Fedhas.
  6430 | D:6      | Reached skill level 7 in Hexes
  6444 | D:6      | Reached skill level 1 in Shields
  6818 | D:6      | Reached skill level 2 in Shields
  6844 | D:6      | Reached XP level 8. HP: 31/36 MP: 2/13
  7087 | D:6      | Reached skill level 8 in Hexes
  7302 | D:6      | Noticed Menkaure
  7319 | D:6      | Killed Menkaure
  7320 | D:6      | Reached skill level 3 in Shields
  7541 | D:6      | Noticed Arthanis's ghost (novice DEFE)
  7542 | D:6      | Found a transporter.
  7556 | D:6      | Found a transporter.
  7933 | D:6      | Reached skill level 4 in Shields
  8228 | D:7      | Noticed Harold
  8239 | D:7      | Killed from afar by Harold

Vanquished Creatures
  Menkaure (D:6)
  An orc warrior (D:6)
  A sky beast (D:6)
  An ogre (D:5)
  A centaur (D:6)
  2 bullfrogs (D:6)
  3 wights (D:6)
  A hound (D:4)
  A bullfrog skeleton (D:5)
  A centaur skeleton (D:6)
  A gnoll shaman (D:6)
  2 iguanas (D:4)
  4 orc wizards (D:5)
  6 worker ants
  A hound zombie (D:5)
  A hound skeleton (D:5)
  11 gnolls
  3 adders
  An ooze (D:2)
  An adder zombie (D:5)
  An adder skeleton (D:4)
  4 worms
  2 dart slugs (D:1)
  7 leopard geckos
  14 orcs
  5 giant cockroaches
  11 hobgoblins
  13 jackals
  4 quokkas
  4 ball pythons (D:1)
  6 bats
  5 frilled lizards
  7 goblins
  6 kobolds
  2 quokka zombies
  13 rats
148 creatures vanquished.
